Map: Ruins of Seras

Players

capac - Winner!

  • Race: Terran Terran
  • League: Gold

contenance

  • Race: Zerg Zerg
  • League: Gold

VOD

Have the link to the VOD?

Description

Time

  • Played on: Feb. 21, 2016, 11:24 a.m.
  • Length: 9:14
Show
View Real Time Build Order
Export as new Build Order

capac Terran - Winner!

Build Orders: MMM Bio 

Get SALT Encoding   

  12  0:00  SCV  
  13  0:13  SCV  
  14  0:19  Supply Depot  
  14  0:25  SCV  
  15  0:40  SCV  
  15  0:42  Barracks  
  16  0:50  Refinery  
  16  0:53  SCV  
  17  1:05  SCV  
  18  1:17  SCV  
  19  1:29  SCV  
  20  1:36  Command Center  
  20  1:38  Barracks Reactor  
  20  1:42  SCV  
  21  1:54  Supply Depot  
  21  1:55  SCV  
  22  2:05  Refinery  
  22  2:09  SCV  
  23  2:18  Marine  
  23  2:19  Barracks  
  23  2:21  Marine  
  25  2:36  Marine  
  26  2:39  Marine  
  26  2:41  Orbital Command  
  27  2:53  Bunker  
  27  2:58  Orbital Command  
  26  3:17  Barracks Tech Lab  
  26  3:20  Marine x2  
  27  3:32  SCV  
  27  3:33  SCV  
  29  3:35  Marine  
  29  3:40  Stimpack  
  30  3:42  Factory  
  30  3:45  SCV  
  30  3:46  SCV  
  32  3:57  Marine x2  
  32  3:58  Marine  
  35  4:07  SCV  
  35  4:08  SCV  
  37  4:15  Marine x3  
  40  4:21  Supply Depot  
  40  4:22  SCV x2  
  42  4:28  Factory Reactor  
  42  4:30  Starport  
  42  4:32  Marine  
  42  4:33  Marine x2  
  42  4:36  SCV  
  46  4:42  SCV  
  47  4:47  Supply Depot  
  47  4:49  SCV  
  47  4:50  Marine  
  47  4:51  Marine x2  
  51  4:54  SCV  
  51  4:57  Refinery  
  51  4:59  Refinery  
  43  5:18  Bunker  
  43  5:21  Marine x2, Medivac x2  
  47  5:22  Marine  
  47  5:27  SCV x2  
  52  5:34  Liberator x2  
  52  5:38  Factory Tech Lab  
  52  5:39  SCV x2  
  54  5:45  Combat Shields  
  54  5:48  Barracks  
  54  5:56  Supply Depot  
  60  6:01  Marine x2  
  62  6:13  Supply Depot  
  62  6:17  Marine, Siege Tank, SCV  
  67  6:20  Engineering Bay, Barracks  
  67  6:21  Marine x2  
  67  6:23  Engineering Bay  
  59  6:49  Marine  
  51  7:01  Liberator  
  51  7:07  Marine x2  
  53  7:33  Supply Depot  
  53  7:34  Supply Depot  
  53  7:38  Liberator  
  50  7:55  Siege Tank  
  54  8:03  Marine x3  
  54  8:04  Marine x2  
  56  8:25  Orbital Command  
  55  8:27  Siege Tank  
  52  8:41  SCV  
  53  8:53  SCV, Command Center  
Show
View Real Time Build Order
Export as new Build Order

contenance Zerg 

Build Orders: Hatch First, Zergling Baneling 

Get SALT Encoding   

  12  0:02  Drone  
  13  0:13  Overlord  
  13  0:18  Drone  
  14  0:23  Extractor  
  14  0:25  Drone  
  15  0:32  Drone  
  16  0:37  Drone  
  17  0:57  Hatchery  
  17  1:01  Drone x2  
  18  1:06  Extractor  
  18  1:09  Drone  
  18  1:22  Spawning Pool  
  17  1:29  Drone  
  18  1:44  Drone x2  
  20  1:53  Overlord  
  20  2:02  Drone  
  21  2:10  Queen x2  
  25  2:15  Drone  
  25  2:16  Drone  
  25  2:18  Metabolic Boost  
  25  2:22  Zergling x2  
  28  2:25  Zergling x2  
  29  2:39  Baneling Nest  
  29  2:40  Drone x2  
  30  2:46  Drone x2  
  32  2:54  Drone  
  33  3:02  Drone  
  34  3:09  Drone x2  
  36  3:27  Hatchery  
  34  3:39  Zergling x2  
  34  3:40  Zergling x2  
  34  3:41  Overlord  
  36  3:42  Overlord  
  36  3:43  Overlord  
  36  3:54  Extractor  
  35  3:55  Lair  
  35  3:56  Queen, Extractor  
  35  3:59  Roach Warren  
  35  4:04  Zergling x12  
  41  4:11  Extractor  
  41  4:16  Spore Crawler x2  
  38  4:18  Drone x2  
  38  4:21  Drone  
  41  4:25  Baneling x2  
  41  4:26  Baneling  
  41  4:28  Baneling x2  
  41  4:31  Baneling  
  41  4:39  Drone x3  
  44  4:48  Baneling x4  
  44  4:51  Drone x3  
  47  4:57  Drone x3  
  41  5:21  Roach x6  
  43  5:22  Roach  
  43  5:24  Zergling x2  
  43  5:27  Zergling x2  
  57  5:30  Zergling x2  
  57  5:32  Zergling x2  
  59  5:42  Drone x4  
  63  5:53  Queen  
  65  6:01  Baneling x4  
  65  6:03  Baneling x2  
  65  6:07  Baneling  
  65  6:08  Baneling  
  65  6:13  Drone  
  65  6:15  Overlord  
  63  6:37  Roach x5  
  69  6:54  Zergling x2  
  69  6:55  Zergling x8  
  70  7:05  Spine Crawler x2  
  70  7:06  Spine Crawler  
  64  7:17  Zergling x2  
  64  7:18  Zergling x18  
  64  7:19  Overlord  
  74  7:24  Lair  
  74  7:38  Spawning Pool  
  60  8:09  Extractor  
  60  8:12  Extractor  
  51  8:37  Spore Crawler  
  50  8:48  Hatchery  
  50  8:49  Spire, Roach Warren  
  50  8:50  Drone  
  50  8:51  Drone x2  
  50  8:52  Drone x3  
  50  8:54  Drone x3  
  56  8:55  Drone  
  56  8:56  Drone x2  
  56  8:57  Drone x6  
Tags
 
Add a new tag
Caveats
  • Supply blocks, unpowered buildings, or Contaminate may cause inaccurate times.
  • Supply counts are checked every 10 seconds.